 Dungeon Crawl Stone Soup version 0.20-a0-970-gcd8f41e (webtiles) character file.

120 Murumi the Covert (level 5, -5/45 HPs)
             Began as a Naga Assassin on Apr 8, 2017.
             Killed from afar by an orc wizard (8 damage)
             ... with a magic dart
             ... on level 3 of the Dungeon.
             The game lasted 00:07:28 (1690 turns).

Murumi the Covert (Naga Assassin)                   Turns: 1690, Time: 00:07:28

Health: -5/45      AC: 10    Str: 17 (19) XL:     5   Next: 4%
Magic:  5/5        EV: 13    Int:  8 (11) God:
Gold:   78         SH:  0    Dex: 15 (18) Spells: 4/4 levels left

rFire    + . .     SeeInvis +   a - +2 dagger
rCold    . . .     Gourm    .   (no shield)
rNeg     . . .     Faith    .   c - +0 robe
rPois    +         Spirit   .   l - +0 helmet
rElec    .         Reflect  .   d - +0 cloak
rCorr    .         Harm     .   (no gloves)
MR       +....                  h - +0 naga barding
Stlth    +++++.....             (no amulet)
Regen    0.2/turn               p - ring of protection from magic
MPRegen  0.1/turn               s - ring of protection from fire

@: mighty, agile, very slow
A: thin metallic scales 1, see invisible, deformed body, poison resistance,
slowness 2, slow metabolism 1, spit poison 1, wild magic 1, AC +1
a: Spit Poison


You were on level 3 of the Dungeon.
You were not hungry.

You visited 1 branch of the dungeon, and saw 3 of its levels.

You collected 78 gold pieces.

Inventory:

Hand Weapons
 a - a +2 dagger (weapon)
 b - a +0 blowgun
Missiles
 e - 8 poisoned needles
 f - 2 curare-tipped needles
 i - 79 stones (quivered)
Armour
 c - a +0 robe (worn)
 d - a +0 cloak (worn)
 h - a +0 naga barding (worn)
 l - a +0 helmet (worn)
Jewellery
 p - a ring of protection from magic (left hand)
 s - a ring of protection from fire (right hand)
Comestibles
 g - 3 bread rations
 q - a meat ration
 r - a chunk of flesh


   Skills:
 - Level 2.0 Fighting
 - Level 2.0 Short Blades
 - Level 2.0 Throwing
 - Level 1.0 Dodging
 + Level 9.1 Stealth


You had 4 spell levels left.
You didn't know any spells.

Dungeon Overview and Level Annotations

Branches:
Dungeon (3/15)

Altars:


Innate Abilities, Weirdness & Mutations

You cannot wear boots.
Your serpentine skin is tough. (AC +1)
You have supernaturally acute eyesight. (SInv)
Armour fits poorly on your strangely shaped body.
Your system is resistant to poisons. (rPois)
You cover ground very slowly.
You have a slow metabolism.
You can spit poison.
You are partially covered in thin metallic scales. (AC +2)
Your spells are a little harder to cast, but a little more powerful.


Message History

The orc wizard hits you with a dagger.
* * * LOW HITPOINT WARNING * * *
It was a potion of might.
You feel very mighty all of a sudden. The orc wizard hits you with a dagger.
* * * LOW HITPOINT WARNING * * *
The orc wizard gestures wildly while chanting.
The orc wizard blinks!
You puncture the orc!
You kill the orc!
You have got your breath back.
It was a potion of degeneration.
There was something very wrong with that liquid.
You feel weakened.
You feel dopey.
You feel clumsy.
You kill the orc!
It was a potion of agility.
You feel agile all of a sudden. The orc wizard casts a spell at you.
The magic dart hits you!
You die...

#########...###
.....)..'...†.##
#########...#..# #...##.##
##############..##########
.......)...)......)...(...
###############..#########
##.# #@# #o## #..# ##)#
#.# #.# #†## #..# ##.##


You could see an orc wizard.

Vanquished Creatures
  4 adders
  3 gnolls (D:3)
  An ooze (D:3)
  A dart slug (D:1)
  A leopard gecko (D:3)
  4 orcs (D:3)
  3 bats
  4 giant cockroaches
  3 hobgoblins
  4 jackals (D:2)
  2 quokkas
  2 ball pythons
  4 frilled lizards
  4 goblins
  3 kobolds
  A rat (D:3)
44 creatures vanquished.

Notes
Turn   | Place    | Note
-------+----------+-------------------------------------------
     0 | D:1      | Murumi the Naga Assassin began the quest for the Orb.
     0 | D:1      | Reached XP level 1. HP: 19/19 MP: 1/1
   123 | D:1      | Reached skill level 6 in Stealth
   123 | D:1      | Reached XP level 2. HP: 17/26 MP: 2/2
   533 | D:1      | Reached skill level 7 in Stealth
   663 | D:1      | Reached skill level 1 in Dodging
   746 | D:2      | Reached XP level 3. HP: 26/32 MP: 3/3
  1534 | D:3      | Reached skill level 8 in Stealth
  1534 | D:3      | Reached XP level 4. HP: 37/39 MP: 4/4
  1669 | D:3      | Reached skill level 9 in Stealth
  1680 | D:3      | Reached XP level 5. HP: 11/45 MP: 5/5
  1686 | D:3      | Gained mutation: You are partially covered in thin metallic scales. (AC +2) [potion of mutation]
  1686 | D:3      | Gained mutation: Your spells are a little harder to cast, but a little more powerful. [potion of mutation]
  1687 | D:3      | HP: 2/45 [orc wizard/dagger (2)]
  1690 | D:3      | Killed from afar by an orc wizard

Vault maps used:
D:1:      saegor_arrival_simple_d
D:2:      first_bread, kennysheep_generic_room_3
D:3:      elyvilon_altar_4

Skill      XL: |  1  2  3  4 |
---------------+-------------+-----
Stealth        | 6 7 8 9 |  9.1
Dodging        | 1 |  1.0
Throwing       | 2 |  2.0
Fighting       | |  2.0
Short Blades   | |  2.0

Action                   |  1- 3 |  4- 6 || total
-------------------------+-------+-------++-------
Melee: Dagger            |   103 |    45 ||   148
Throw: Stone             |     1 |     1 ||     2
 Abil: Spit Poison       |     5 |     4 ||     9
  Use: Potion            |     1 |     5 ||     6
       Scroll            |     6 |     2 ||     8
 Stab: Sleeping          |     2 |     4 ||     6
       Distracted        |     1 |       ||     1
  Eat: Chunk             |     1 |     1 ||     2
Armor: Robe              |    65 |    19 ||    84
Dodge: Dodged            |    35 |    18 ||    53
